 Dungeon Crawl Stone Soup version 0.17-a0-1092-gc664a5b (console) character file.

6437 Monkaria the Protected (level 10, -1/86 HPs)
             Began as a Demonspawn Chaos Knight on May 20, 2015.
             Succumbed to a gnoll sergeant's poison
             ... on level 9 of the Dungeon.
             The game lasted 00:33:42 (9556 turns).

Monkaria the Protected (Demonspawn Chaos Knight)    Turns: 9556, Time: 00:33:42

Health: -1/86      AC:  8    Str: 14      XL:     10   Next: 67%
Magic:  7/10       EV: 11    Int: 13 (14) God:    Xom [..*...]
Gold:   409        SH:  0    Dex: 10      Spells: 0 memorised, 9 levels left

rFire  + + .     SeeInvis +       - Unarmed
rCold  + . .     Clarity  +     w - +0 scale mail
rNeg   . . .     SustAb   .     (no shield)
rPois  +         Gourm    .     (helmet restricted)
rElec  +         Spirit   +     n - +1 cloak
rCorr  +         Warding  .     (no gloves)
rMut   .         Stasis   .     (boots unavailable)
MR     .....                    p - amulet of clarity
Stlth  ..........               (no ring)
                                (no ring)

@: lethally poisoned (-1 -> -24), resistant, not resistant to hostile
enchantments, extremely unstealthy
A: antennae 2, claws 1, hooves 3, see invisible, clumsy 1, deformed body, fire
resistance 1, mutation resistance 1, regeneration 1, robust 1, weak 1, magic
shield
a: Renounce Religion


You were on level 9 of the Dungeon.
You worshipped Xom.
You were a toy of Xom.
You were not hungry.

You visited 2 branches of the dungeon, and saw 10 of its levels.

You collected 409 gold pieces.

Inventory:

Hand weapons
 a - a +0 falchion of chaos
 k - a +1 blowgun
 y - a +1 war axe of flaming
 F - the +7 quarterstaff "Anwiah" {elec, +Rage rF+ Str+4, unknown}
   (You found it on level 8 of the Dungeon)

   Occasionally, upon striking a foe, it will discharge some electrical energy
   and cause terrible harm.
   It affects your strength (+4).
   It protects you from fire.
   It lets you go berserk.
Missiles
 o - 8 poisoned needles
 B - 12 tomahawks (quivered)
Armour
 b - a +2 leather armour
 l - a +0 pair of gloves
 n - a +1 cloak (worn)
 w - a +0 scale mail (worn)
Jewellery
 h - an uncursed amulet of resist mutation
 p - an amulet of clarity (around neck)
 s - an uncursed ring of teleportation
Magical devices
 i - a wand of polymorph (0)
 q - a wand of slowing (12)
Scrolls
 d - 2 scrolls of magic mapping
 e - 2 scrolls of immolation
 g - 2 scrolls of teleportation
 v - 2 scrolls of enchant armour
 D - a scroll of enchant weapon
Potions
 j - a potion of magic
 r - a potion of brilliance
 A - a potion of lignification
Books
 C - a book of Minor Magic

   Spells                             Type                      Level
   a - Magic Dart                     Conjuration                  1
   b - Blink                          Translocation                2
   c - Call Imp                       Summoning                    2
   d - Repel Missiles                 Charms/Air                   2
   e - Slow                           Hexes                        2
   f - Conjure Flame                  Conjuration/Fire             3
   g - Mephitic Cloud                 Conjuration/Poison/Air       3
Comestibles
 c - 4 bread rations
 f - 4 meat rations
 t - 10 royal jellies
 u - 4 beef jerkies
 x - a slice of pizza
 z - 21 fruits
 E - a chunk of flesh


   Skills:
 - Level 7.1 Fighting
 - Level 2.6 Long Blades
 - Level 10.0 Armour
 - Level 6.1 Dodging
 + Level 9.3 Unarmed Combat


You had 9 spell levels left.
You didn't know any spells.

Dungeon Overview and Level Annotations

Branches:
Dungeon (9/15)             Temple (1/1) D:4            Lair (0/8) D:9
    Orc (0/4) D:9

Altars:
Cheibriados
Dithmenos
Elyvilon
Fedhas
Gozag
Kikubaaqudgha
Makhleb
Nemelex Xobeh
Okawaru
Qazlal
Ru
Sif Muna
Trog
Vehumet
Xom
Yredelemnul
Zin
The Shining One

Shops:
D:5 :


Innate Abilities, Weirdness & Mutations

You have a pair of antennae on your head.
You have sharp fingernails.
You have hooves in place of feet.
Your flesh is heat resistant.
When hurt, damage is shared between your health and your magic reserves.
You have supernaturally acute eyesight.
You are clumsy. (Dex -2)
Armour fits poorly on your strangely shaped body.
You are somewhat resistant to further mutation.
Your natural rate of healing is unusually fast.
You are robust (+10% HP).
You are weak. (Str -2)


Message History

You are more poisoned.
* * * LOW HITPOINT WARNING * * *
You feel very sick.
You see here a hound skeleton.
* * * LOW HITPOINT WARNING * * *
You feel very sick.
There is an open door here.
* * * LOW HITPOINT WARNING * * *
You feel very sick.
You close the door.
* * * LOW HITPOINT WARNING * * *
You feel very sick.
* * * LOW HITPOINT WARNING * * *
You feel very sick.
Something unseen opens the door.
* * * LOW HITPOINT WARNING * * *
You feel very sick.
There is an open door here.
You die...
Xom giggles madly!

########## .........#
###########
.........####.........#
........gg.##.........#
........รท#..#@.########
........{##.'..#
........(#######
........g# Z Z
.......(g# Z Z
#######g## { b ##.# b
#..# ##.##


There were no monsters in sight!

Vanquished Creatures
  A manticore (shapeshifter) (D:8)
  A moth of wrath (D:9)
  A fire drake (D:8)
  The ghost of aves the Chopper, an experienced VSFi of Qazlal (D:7)
  A hippogriff (D:7)
  4 water moccasins
  2 ice beasts
  2 spiders (D:8)
  2 necrophages (D:7)
  5 orc warriors
  4 centaurs
  3 sky beasts
  2 wasps
  6 ogres
  A phantom (D:8)
  A big kobold (D:8)
  2 giant frogs
  A gnoll sergeant (D:5)
  A scorpion (D:3)
  2 jellies
  4 wights
  A centaur zombie (D:8)
  2 crimson imps
  3 giant frog zombies
  A quasit (D:8)
  3 orc priests
  8 orc wizards
  6 hounds
  2 giant frog skeletons
  9 worker ants
  3 iguanas
  2 sheep (D:9)
  A hound skeleton (D:6)
  4 gnolls
  12 adders
  2 worker ant zombies (D:5)
  3 shadow imps
  An ooze (D:5)
  3 worms
  4 giant geckos
  26 orcs
  6 giant cockroaches
  15 hobgoblins
  3 jackals (D:2)
  28 kobolds
  4 quokkas
  A ball python (D:3)
  15 bats
  2 giant gecko skeletons
  2 giant newts
  14 goblins
  A jackal zombie (D:4)
  A quokka zombie (D:9)
  21 rats
256 creatures vanquished.

Vanquished Creatures (collateral kills)
  A hound (D:6)
  An ooze (D:6)
2 creatures vanquished.

Vanquished Creatures (others)
  A crimson imp (D:9)
  A goblin (D:4)
  A rat (D:8)
3 creatures vanquished.

Grand Total: 261 creatures vanquished

Notes
Turn   | Place    | Note
--------------------------------------------------------------
     0 | D:1      | Monkaria the Demonspawn Chaos Knight began the quest for the Orb.
     0 | D:1      | Reached XP level 1. HP: 18/18 MP: 1/1
    14 | D:1      | XOM: butterfly on damage
   114 | D:1      | Gained mutation: When hurt, damage is shared between your health and your magic reserves. [demonic ancestry]
   114 | D:1      | Reached XP level 2. HP: 17/24 MP: 2/2
   274 | D:1      | XOM: silly message
   287 | D:1      | XOM: harmless Divn miscast
   532 | D:1      | Reached skill level 4 in Fighting
   596 | D:2      | Gained mutation: You have a pair of small antennae on your head. [demonic ancestry]
   596 | D:2      | Reached XP level 3. HP: 26/30 MP: 3/3
   812 | D:2      | Reached skill level 1 in Unarmed Combat
   859 | D:2      | Found a sparkling altar of Nemelex Xobeh.
  1172 | D:2      | Reached XP level 4. HP: 37/37 MP: 4/4
  1390 | D:3      | XOM: potion effect (agility)
  1459 | D:3      | Gained mutation: Your flesh is heat resistant. [demonic ancestry]
  1459 | D:3      | Reached XP level 5. HP: 31/42 MP: 3/5
  1496 | D:3      | Found a shadowy altar of Dithmenos.
  1612 | D:3      | XOM: silly message
  1632 | D:3      | XOM: smoke on damage
  1833 | D:3      | XOM: harmless Ice miscast
  1852 | D:3      | XOM: give mutations
  1852 | D:3      | Gained mutation: Your system is resistant to poisons. [Xom's mischief]
  1852 | D:3      | Lost mutation: Your system is resistant to poisons. [Xom's mischief]
  1960 | D:4      | Noticed an ogre
  2255 | D:4      | XOM: mild Ice miscast
  2276 | D:4      | XOM: 5-stop teleportation journey
  2437 | D:4      | Reached skill level 6 in Fighting
  2437 | D:4      | Reached skill level 7 in Armour
  2437 | D:4      | Reached skill level 8 in Unarmed Combat
  2437 | D:4      | Gained mutation: You have sharp fingernails. [demonic ancestry]
  2437 | D:4      | Reached XP level 6. HP: 47/53 MP: 6/6
  2566 | D:4      | XOM: divination: detect creatures
  2580 | D:4      | Killed an ogre
  2580 | D:4      | Reached XP level 7. HP: 43/60 MP: 4/7
  2590 | D:4      | XOM: divination: magic mapping
  2609 | D:4      | XOM: colour smoke trail
  2650 | D:4      | XOM: harmless Necr miscast
  2707 | D:4      | Found a staircase to the Ecumenical Temple.
  2715 | Temple   | Entered the Ecumenical Temple
  2803 | D:4      | XOM: divine lightning (protected)
  2949 | D:4      | XOM: give mutations
  2949 | D:4      | Gained mutation: You have large cloven feet. [Xom's grace]
  2949 | D:4      | Gained mutation: You are robust (+10% HP). [Xom's grace]
  2949 | D:4      | Gained mutation: You are agile. (Dex +2) [Xom's grace]
  2949 | D:4      | Gained mutation: Your natural rate of healing is unusually fast. [Xom's grace]
  3091 | D:4      | Found a snail-covered altar of Cheibriados.
  3200 | D:5      | Entered Level 5 of the Dungeon
  3256 | D:6      | XOM: summons 7 friendly demons
  3280 | D:6      | XOM: noise
  3309 | D:6      | Gained mutation: Armour fits poorly on your strangely shaped body. [mutagenic meat]
  3310 | D:6      | Lost mutation: You are agile. (Dex +2) [mutagenic meat]
  3311 | D:6      | Gained mutation: You have supernaturally acute eyesight. [mutagenic meat]
  3413 | D:6      | XOM: 2-stop teleportation journey
  3479 | D:6      | Found a sparkling altar of Nemelex Xobeh.
  3574 | D:6      | XOM: cast spell 'Confusing Touch'
  3610 | D:6      | Reached skill level 9 in Unarmed Combat
  3647 | D:6      | Gained mutation: You have a pair of antennae on your head. [demonic ancestry]
  3647 | D:6      | Reached XP level 8. HP: 66/73 MP: 6/8
  3692 | D:6      | XOM: mild Pois miscast
  3744 | D:6      | Found a stormy altar of Qazlal.
  3746 | D:6      | Found an iron altar of Okawaru.
  3747 | D:6      | Found a deep blue altar of Sif Muna.
  3770 | D:6      | XOM: colour smoke trail
  3910 | D:6      | XOM: 2-stop teleportation journey
  4029 | D:5      | XOM: 1-stop teleportation journey
  4304 | D:5      | XOM: give mutations
  4304 | D:5      | Gained mutation: You are clumsy. (Dex -2) [Xom's mischief]
  4304 | D:5      | Gained mutation: You are weak. (Str -2) [Xom's mischief]
  4401 | D:5      | Found a sacrificial altar of Ru.
  4756 | D:5      | Found Teshrumeh's Book Emporium.
  5064 | D:7      | Noticed aves's ghost (experienced VSFi)
  5073 | D:7      | XOM: enchant monster (bad)
  5112 | D:6      | XOM: medium Fire miscast
  5123 | D:6      | XOM: mild Pois miscast
  5231 | D:6      | XOM: enchant monster (bad)
  5490 | D:7      | XOM: silly message
  5493 | D:7      | XOM: cast spell 'Dispersal'
  5528 | D:7      | Gained mutation: You have hoof-like feet. [demonic ancestry]
  5528 | D:7      | Reached XP level 9. HP: 79/79 MP: 9/9
  5538 | D:7      | Found an ancient bone altar of Kikubaaqudgha.
  5657 | D:7      | XOM: divination: detect creatures
  5736 | D:7      | XOM: harmless Erth miscast
  5840 | D:7      | XOM: noise
  5996 | D:6      | XOM: noise
  5999 | D:6      | Reached skill level 1 in Dodging
  6154 | D:6      | XOM: noise
  6268 | D:7      | Killed aves's ghost
  6316 | D:7      | XOM: enchant monster (good)
  6317 | D:7      | XOM: enchant monster (bad)
  6366 | D:7      | XOM: 5-stop teleportation journey
  6432 | D:7      | XOM: colour smoke trail
  6636 | D:7      | XOM: silly message
  6676 | D:7      | XOM: blink monster(s)
  6679 | D:7      | XOM: noise
  6684 | D:7      | XOM: blink monster(s)
  6896 | D:7      | Gained mutation: You are somewhat resistant to further mutation. [mutagenic meat]
  7111 | D:8      | Noticed a moth of wrath
  7114 | D:8      | Found a bloodstained altar of Trog.
  7117 | D:8      | XOM: enchant monster (good)
  7120 | D:8      | XOM: mild Necr miscast
  7127 | D:8      | XOM: divine lightning (protected)
  7128 | D:8      | XOM: mild Pois miscast
  7137 | D:8      | Got a crude quarterstaff
  7149 | D:8      | XOM: 4-stop teleportation journey
  7202 | D:8      | XOM: harmless Tloc miscast
  7220 | D:8      | Noticed a fire drake
  7220 | D:8      | an ogre changed into a fire drake
  7232 | D:8      | Killed a fire drake
  7232 | D:8      | Reached skill level 5 in Dodging
  7232 | D:8      | Gained mutation: You have hooves in place of feet. [demonic ancestry]
  7232 | D:8      | Reached XP level 10. HP: 35/86 MP: 4/10
  7310 | D:7      | XOM: mild Summ miscast
  7493 | D:8      | XOM: silly message
  7581 | D:8      | Noticed an unseen horror
  7581 | D:8      | a soldier ant changed into an unseen horror
  7581 | D:8      | XOM: polymorph soldier ant -> unseen horror
  7581 | D:8      | an unseen horror changed into a queen bee
  7582 | D:8      | Noticed a glowing shapeshifter
  7582 | D:8      | a queen bee changed into a glowing shapeshifter
  7582 | D:8      | Noticed a wolf spider
  7582 | D:8      | a glowing shapeshifter changed into a wolf spider
  7583 | D:8      | Noticed a glowing shapeshifter
  7583 | D:8      | a wolf spider changed into a glowing shapeshifter
  7583 | D:8      | a glowing shapeshifter changed into a boulder beetle
  7583 | D:8      | Noticed a fire crab
  7583 | D:8      | a boulder beetle changed into a fire crab
  7592 | D:8      | Noticed an unseen horror
  7593 | D:8      | XOM: mild Chrm miscast
  7604 | D:8      | Noticed a sea snake
  7606 | D:8      | Noticed a manticore
  7606 | D:8      | a sea snake changed into a manticore
  7614 | D:8      | Killed a manticore
  7688 | D:8      | XOM: divination: magic mapping
  8000 | D:8      | XOM: enchant monster (good)
  8273 | D:8      | Found a radiant altar of Vehumet.
  8621 | D:8      | XOM: divination: detect creatures
  8826 | D:8      | Reached skill level 10 in Armour
  8921 | D:8      | XOM: god gift: potion of lignification
  8953 | D:9      | Found a staircase to the Lair.
  8953 | D:9      | Noticed an elephant
  8956 | D:9      | XOM: enchant monster (good)
  8969 | D:9      | Noticed a moth of wrath
  8969 | D:9      | an elephant changed into a moth of wrath
  8969 | D:9      | XOM: polymorph elephant -> moth of wrath
  8974 | D:9      | Killed a moth of wrath
  9016 | D:9      | Found a staircase to the Orcish Mines.
  9027 | D:9      | XOM: summons friendly crimson imp
  9082 | D:9      | XOM: divination: detect creatures
  9115 | D:9      | XOM: colour smoke trail
  9530 | D:9      | XOM: divination: detect creatures
  9542 | D:9      | XOM: divination: detect items
  9554 | D:9      | HP: 4/86 [poisoned by a gnoll sergeant]
  9556 | D:9      | Succumbed to a gnoll sergeant's poison

Vault maps used:
D:1:      dpeg_arrival_morbid_curiosity
D:2:      serial_glass, glass_columns_b, glass_columns_a, glass_columns_b,
          glass_columns_c, glass_columns_a, glass_columns_b, glass_columns_b,
          glass_columns_b, glass_columns_a, glass_columns_a,
          serial_bayou_lagoon_a, nemelex_xobeh_ov_fountains_minmay
D:3:      overflow_temple_1_default
D:4:      cheibriados_altar_wand_db, temple_statues
D:5:      old_standard_altar, serial_shops, nicolae_shop_waterfront,
          first_bread, roderic_lattice_a
D:6:      minitemple, dk_vineyard_1
D:7:      basic_altar
D:8:      tgw_trog, lemuel_doored_altar, hangedman_pestilent_swarm
D:9:      kennysheep_vampire_church, kennysheep_mini_moat, david_lair_generic,
          david_orc_2
Temple:   temple_eino_lava_8

Action                   |  1- 3 |  4- 6 |  7- 9 | 10-12 || total
-------------------------+-------+-------+-------+-------++-------
Melee: Falchion          |   134 |   144 |       |       ||   278
       Unarmed           |       |     6 |   488 |   243 ||   737
Evoke: Wand              |       |       |     7 |    11 ||    18
  Use: Scroll            |       |     4 |    16 |     4 ||    24
       Potion            |       |     1 |     6 |     7 ||    14
 Stab: Confused          |       |     2 |       |       ||     2
       Distracted        |       |       |     1 |       ||     1
       Sleeping          |       |       |     1 |       ||     1
       Paralysed         |       |       |     1 |       ||     1
  Eat: Chunk             |     1 |     5 |    19 |    10 ||    35
